AoeStats
← MooseMooch

Arabian Desert

509163835Analyzed
1v1 RM · 6d ago on Sep 25, 2026· 41m 43s· 2 players
Game mode
Random Map
Map size
Tiny (2 player)
Population
200
Speed
Normal
Resources
Standard
Victory
Conquest
Starting age
Dark Age
Ending age
Imperial Age
RankedLock teamsTeams togetherTeam positionsShared explorationLock speedFull tech treeHidden civsTurbo modeCheats
Victory
Defeat
🇦🇪 Franks · United Arab Emirates
1318
+16
🇩🇪 Portuguese · Germany
1315
-16
MooseMooch
7:00 Loom
9:12 Feudal Age
10:29 Double-Bit Axe
10:52 Horse Collar
17:35 Wheelbarrow
20:50 Castle Age
21:00 Bloodlines
21:55 Bow Saw
21:46 Heavy Plow
22:20 Crossbowman
22:58 Fletching
26:05 Bodkin Arrow
26:13 Padded Archer Armor
37:06 Imperial Age
34:43 Pikeman
35:24 Scale Mail Armor
36:03 Leather Archer Armor
36:41 Gold Mining
36:53 Heavy Plow
38:51 Chemistry
37:53 Bracer
38:47 Conscription
38:48 Halberdier
39:45 Chain Mail Armor
40:09 Masonry
Lord RDB
6:57 Loom
9:23 Feudal Age
10:24 Double-Bit Axe
20:18 Castle Age
18:54 Fletching
19:59 Gold Mining
21:16 Wheelbarrow
20:56 Bodkin Arrow
21:17 Bow Saw
21:30 Husbandry
22:53 Gold Shaft Mining
23:23 Padded Archer Armor
24:18 Ballistics
35:50 Imperial Age
34:48 Murder Holes
35:12 Leather Archer Armor
36:03 Cavalier
36:56 Scale Barding Armor
37:55 Hand Cart
37:26 Town Watch
38:25 Chain Barding Armor
39:41 Cranequins
Connection lost

Rejoining the realm…

Still unreachable

The connection could not be restored.

Session expired

The server has moved on; the page needs a fresh start.